 Dungeon Crawl Stone Soup version 0.17-a0-1979-g1c74939 (webtiles) character file.

42 Shim the Grasshopper (level 3, -3/24 HPs)
             Began as a High Elf Warper on Oct 5, 2015.
             Slain by an adder (5 damage)
             ... on level 1 of the Dungeon.
             The game lasted 00:09:27 (2518 turns).

Shim the Grasshopper (High Elf Warper)              Turns: 2518, Time: 00:09:27

Health: -3/24      AC:  4    Str: 10    XL:     3   Next: 33%
Magic:  0/7        EV: 12    Int: 17    God:
Gold:   17         SH:  0    Dex: 15    Spells: 3 memorised, 0 levels left

rFire  . . .     SeeInvis .     a - +0 short sword
rCold  . . .     Clarity  .     b - +0 leather armour
rNeg   . . .     SustAt   .     (no shield)
rPois  .         Gourm    .     (no helmet)
rElec  .         Spirit   .     (no cloak)
rCorr  .         Warding  .     o - +0 pair of gloves
rMut   .         Stasis   .     (no boots)
MR     .....                    (no amulet)
Stlth  ..........               (no ring)
                                i - ring of loudness (curse)

@: not resistant to hostile enchantments, extremely unstealthy
A: no striking features
a: no special abilities


You were on level 1 of the Dungeon.
You were not hungry.

You visited 1 branch of the dungeon, and saw 2 of its levels.

You collected 17 gold pieces.

Inventory:

Hand Weapons
 a - a +0 short sword (weapon)
Missiles
 e - 3 tomahawks of dispersal
 g - 18 stones (quivered)
Armour
 b - a +0 leather armour (worn)
 o - a +0 pair of gloves (worn)
Jewellery
 i - a cursed ring of loudness (left hand)
Scrolls
 d - a scroll of blinking
 l - a scroll of magic mapping {unknown}
 m - a scroll of amnesia {unknown}
Potions
 h - a potion of resistance {unknown}
 j - a potion of heal wounds {unknown}
 k - a potion of might {unknown}
Books
 c - a book of Spatial Translocations

   Spells                             Type                      Level
   a - Apportation                    Translocation                1
   b - Blink                          Translocation                2
   c - Shroud of Golubria             Charms/Translocation         2
   d - Portal Projectile              Translocation                3
   e - Teleport Other                 Translocation                3
   f - Passage of Golubria            Translocation                4
Comestibles
 f - a bread ration


   Skills:
 + Level 2.1 Fighting
 + Level 2.5 Short Blades
 + Level 1.2 Throwing
 + Level 2.0 Armour
 + Level 2.5 Dodging
 + Level 0.2 Stealth
 + Level 2.4 Spellcasting
 + Level 3.7 Translocations


You couldn't memorise any spells.
You knew the following spells:

 Your Spells              Type           Power        Failure   Level  Hunger
a - Apportation           Tloc           ##........   8%          1    #......
b - Blink                 Tloc           N/A          10%         2    ##.....
c - Teleport Other        Tloc           ##......     17%         3    ###....


Dungeon Overview and Level Annotations

Branches:
Dungeon (2/15)

Altars:
Makhleb

Annotations:
D:2 Sigmund


Message History

Press: ? - help, Shift-Dir - straight line, f/p - adder
Aim: an adder (moderately wounded)
You throw a stone. The stone misses the adder.
Throwing (i - inventory. (,) - cycle):
g - 19 stones (quivered)
Press: ? - help, Shift-Dir - straight line, f/p - adder
Aim: an adder (moderately wounded)
You throw a stone. The stone hits the adder.
The adder is heavily wounded.
You hit the adder but do no damage.
The adder is heavily wounded.
The adder bites you but does no damage. The adder barely misses you.
You completely miss the adder.
The adder is heavily wounded.
You feel sick.
You are no longer poisoned.
The adder closely misses you.
You hit the adder but do no damage.
The adder is heavily wounded.
The adder bites you.
You die...

..# #...####...#........#
..#######.......##.........#
###.....####...###.######### #
#......###....##.## #
#.......###.....(.# #####
#####.###...........#########....
.................(............###
####..#####...##S#...############
####.## #.##..@#...§...#.......
..##.###♣♣♣♣♣♣♣♣♣#######...######
#.##.##.♣....)..♣ #..##
#.......♣.PPPPP.♣#######..###
##....##♣.P≈≈≈P.♣...#>......##
###...# ♣.P≈8≈P.♣............####
##....##♣.P≈≈≈..♣................
...##...♣.PPPPP.♣...[.....####.#.
...#####♣<♣.))..♣.......†># #.##


You could see an adder.

Vanquished Creatures
  An ooze (D:1)
  A ball python (D:1)
  5 bats
  A giant cockroach (D:1)
  4 goblins (D:1)
  A hobgoblin (D:1)
  A giant gecko (D:1)
  3 giant newts
  8 jackals (D:1)
  6 kobolds (D:1)
  7 rats (D:1)
  A plant (D:1)
39 creatures vanquished.

Notes
Turn   | Place    | Note
--------------------------------------------------------------
     0 | D:1      | Shim the High Elf Warper began the quest for the Orb.
     0 | D:1      | Reached XP level 1. HP: 14/14 MP: 4/4
    90 | D:1      | Reached skill level 1 in Armour
   606 | D:1      | Reached XP level 2. HP: 13/19 MP: 6/6
   876 | D:1      | Learned a level 2 spell: Blink
  1699 | D:1      | Reached XP level 3. HP: 5/24 MP: 7/7
  1711 | D:1      | Learned a level 3 spell: Teleport Other
  2431 | D:2      | Noticed Sigmund
  2468 | D:2      | Found a burning altar of Makhleb.
  2518 | D:1      | Slain by an adder

Vault maps used:
D:1:      tarquinn_simple_flora_water_a
D:2:      bloody_makhleb, ecumenical_altar_1, hangedman_decor_push, uniq_sigmund

Action                   || total
-------------------------++-------
Melee: Short sword       ||   240
Throw: Stone             ||    37
       Tomahawk          ||     7
 Cast: Blink             ||     3
       Teleport Other    ||     1
  Eat: Chunk             ||     3
       Bread ration      ||     1
